 Dungeon Crawl Stone Soup version 0.31-a0-167-g1c394c0614 (webtiles) character file.

Game seed: 13856548347968653822

854 qw the Shooter (level 8, 0/73 HPs)
             Began as a Naga Hunter on June 14, 2023.
             Slain by a white imp (5 damage)
             ... on level 5 of the Dungeon.
             The game lasted 00:01:25 (4336 turns).

qw the Shooter (Naga Hunter)                        Turns: 4336, Time: 00:01:26

Health: 0/73       AC:  7    Str: 16    XL:     8   Next: 1%
Magic:  2/2        EV: 10    Int: 12    God:
Gold:   296        SH:  0    Dex: 16    Spells: 7/7 levels left

rFire   . . .        c - +6 sling of Faegob {antimagic, Drain Str+2 Int+2}
rCold   . . .        (no shield)
rNeg    . . .        d - +0 steam dragon scales
rPois   +            j - +0 helmet
rElec   .            (no cloak)
rCorr   .            h - +0 pair of gloves
SInv    +            (no barding)
Will    +....        (no amulet)
Stlth   ++           (no ring)
HPRegen 0.32/turn    (no ring)
MPRegen 0.08/turn

%: no passive effects
@: short of breath, very slow
A: AC +2, large, see invisible, deformed body, poison resistance, slowness 2,
spit poison 1, naga tail 1
a: Spit Poison


You were on level 5 of the Dungeon.
You visited 1 branch of the dungeon, and saw 5 of its levels.

You collected 296 gold pieces.


Innate Abilities, Weirdness & Mutations

Your serpentine skin is tough. (AC +2)
You have supernaturally acute eyesight. (SInv)
Armour fits poorly on your strangely shaped body.
Your system is resistant to poisons. (rPois)
You cover ground very slowly.
You can spit poison.
You have a snake-like lower body.


   Skills:
 - Level 4.8 Fighting
 + Level 7.4 Ranged Weapons
 - Level 1.3 Armour
 - Level 2.0 Dodging
 - Level 1.5 Stealth


You had 7 spell levels left.
You didn't know any spells.
Your spell library was empty.

Inventory:

Hand Weapons
 c - the +6 sling of Faegob (weapon) {antimagic, Drain Str+2 Int+2}
   (You found it on level 5 of the Dungeon)

   Str:       It affects your strength (+2).
   Int:       It affects your intelligence (+2).
   Drain:     It drains your maximum health when unequipped.
Armour
 d - +0 steam dragon scales (worn)
 h - a +0 pair of gloves (worn)
 j - a +0 helmet (worn)
Wands
 f - a wand of digging (9)
Scrolls
 a - a scroll of identify
 i - a scroll of blinking {unknown}
Potions
 b - a potion of might
 e - a potion of berserk rage {unknown}
 g - a potion of curing {unknown}

Dungeon Overview and Level Annotations

Branches:
Dungeon (5/15)
 Temple: D:4-7

Altars:
Dithmenos
Elyvilon
Fedhas
Gozag
Kikubaaqudgha
Ru
Uskayaw
Wu Jian
Xom
Zin

Shops:
D:4 *


Message History

You shoot a sling bullet. The sling bullet hits the troll.
The troll is lightly wounded.
You have got your breath back.
The white imp barely misses you. The troll bites you. The troll claws you.
The troll completely misses you.
4331 ||| INVOKING Spit Poison.
Aiming: Spit Poison (1% risk of failure)
Press: ? - help, Shift-Dir - straight line, f/p - troll The splash of poison hits the troll but does no damage.
The troll is poisoned.
The troll is lightly wounded.
The white imp hits you but does no damage.
The troll bites you! The troll claws you but does no damage.
The troll barely misses you.
You shoot a sling bullet. The sling bullet hits the troll!
The troll is heavily wounded.
The white imp spits at you. The white imp barely misses you.
The troll barely misses you. The troll claws you but does no damage.
The troll closely misses you.
You shoot a sling bullet. The sling bullet hits the troll!
The troll is severely wounded.
The white imp hits you. The white imp freezes you. The troll bites you!
The troll closely misses you. The troll claws you.
You shoot a sling bullet.
The sling bullet hits the troll but does no damage.
The troll is severely wounded.
You have got your breath back.
The white imp hits you but does no damage.
The troll bites you. The troll misses you. The troll barely misses you.
4335 ||| INVOKING Spit Poison.
Aiming: Spit Poison (1% risk of failure)
Press: ? - help, Shift-Dir - straight line, f/p - troll The splash of poison misses the troll.
The white imp gestures at you. The puff of frost hits you! The troll bites you.
The troll claws you. The troll completely misses you.
You shoot a sling bullet.
The sling bullet closely misses the troll.
The white imp hits you. The white imp freezes you.
You die...

.......####....#...#
.......######..#...#
........#......#...#
..............######
..........#...#..##
..................##
...........##......#
.....####.........##
..... ##......@##
....# ###....5T...#
.##.# #......#f....#
## # ###.........##
#....!......
#.........### #....
...## ..### ....


You could see a troll (poisoned), a sleepcap and a white imp.

Vanquished Creatures
  A steam dragon (D:4)
  A black bear (D:5)
  An ogre (D:5)
  A phantom (D:4)
  A jelly (D:5)
  An orc priest (D:3)
  2 hounds (D:5)
  3 sleepcaps
  An iguana (D:5)
  2 orc wizards
  6 gnolls
  7 adders
  A river rat (D:3)
  A white imp (D:5)
  A worm (D:2)
  2 dart slugs
  7 orcs
  4 bats
  7 endoplasms
  A giant cockroach (D:4)
  9 goblins
  5 hobgoblins
  4 jackals
  5 kobolds
  3 quokkas (D:1)
  3 ball pythons
  3 frilled lizards
  6 rats
89 creatures vanquished.

Notes
Turn   | Place    | Note
-------+----------+-------------------------------------------
     0 | D:1      | qw the Naga Hunter began the quest for the Orb.
     0 | D:1      | Reached XP level 1. HP: 19/19 MP: 1/1
     0 | D:1      | 0 ||| qw: Version: 0.2-a-29-g1fa15c8
     0 | D:1      | 0 ||| qw: Game counter: 4976
     0 | D:1      | 0 ||| qw: Always use a shield: true
     0 | D:1      | 0 ||| qw: God list: Okawaru
     0 | D:1      | 0 ||| qw: Allow faded altars: false
     0 | D:1      | 0 ||| qw: Do Orc after D:15 true
     0 | D:1      | 0 ||| qw: Do second Lair branch before Depths: true
     0 | D:1      | 0 ||| qw: Lair rune preference: random
     0 | D:1      | 0 ||| qw: Plans: Normal
     0 | D:1      | 0 ||| PLANNING D:1-11
   119 | D:1      | 119 ||| INVOKING Spit Poison.
   129 | D:1      | 129 ||| INVOKING Spit Poison.
   157 | D:1      | 157 ||| INVOKING Spit Poison.
   221 | D:1      | Reached skill level 4 in Ranged Weapons
   221 | D:1      | Reached XP level 2. HP: 26/26 MP: 2/2
   232 | D:1      | 232 ||| INVOKING Spit Poison.
   236 | D:1      | 236 ||| INVOKING Spit Poison.
   264 | D:1      | 264 ||| INVOKING Spit Poison.
   272 | D:1      | 272 ||| INVOKING Spit Poison.
   324 | D:1      | 324 ||| INVOKING Spit Poison.
   389 | D:1      | 389 ||| INVOKING Spit Poison.
   390 | D:1      | 390 ||| INVOKING Spit Poison.
   395 | D:1      | 395 ||| INVOKING Spit Poison.
   417 | D:1      | 417 ||| INVOKING Spit Poison.
   527 | D:1      | 527 ||| INVOKING Spit Poison.
   559 | D:1      | Reached XP level 3. HP: 32/32 MP: 3/3
   733 | D:1      | 733 ||| INVOKING Spit Poison.
  1022 | D:1      | 1022 ||| UPGRADING to +0 pair of gloves.
  1027 | D:1      | 1027 ||| READING 3 scrolls labelled BOJENUZX MULAQ.
  1028 | D:1      | 1028 ||| READING scroll labelled FIXYFUSAVU.
  1029 | D:1      | 1029 ||| READING scroll labelled WUDDOT ZUESSET.
  1030 | D:1      | 1030 ||| READING scroll labelled XIRHIF DAJUTOE.
  1088 | D:1      | 1088 ||| READING 2 scrolls of identify.
  1088 | D:1      | 1088 ||| IDENTIFYING orange potion
  1089 | D:1      | 1089 ||| DROPPING scroll of butterflies.
  1158 | D:2      | 1158 ||| INVOKING Spit Poison.
  1240 | D:2      | 1240 ||| INVOKING Spit Poison.
  1275 | D:2      | 1275 ||| INVOKING Spit Poison.
  1282 | D:2      | 1282 ||| INVOKING Spit Poison.
  1286 | D:2      | 1286 ||| INVOKING Spit Poison.
  1289 | D:2      | 1289 ||| INVOKING Spit Poison.
  1295 | D:2      | 1295 ||| INVOKING Spit Poison.
  1299 | D:2      | 1299 ||| INVOKING Spit Poison.
  1300 | D:2      | HP: 8/32 [jackal (2)]
  1301 | D:2      | 1301 ||| DRINKING potion of heal wounds.
  1556 | D:2      | 1556 ||| INVOKING Spit Poison.
  1559 | D:2      | 1559 ||| INVOKING Spit Poison.
  1560 | D:2      | Reached skill level 5 in Ranged Weapons
  1560 | D:2      | Reached XP level 4. HP: 39/39 MP: 4/4
  1657 | D:2      | 1657 ||| INVOKING Spit Poison.
  1663 | D:2      | 1663 ||| INVOKING Spit Poison.
  1782 | D:2      | 1782 ||| READING 2 scrolls of identify.
  1782 | D:2      | 1782 ||| IDENTIFYING emerald potion
  1817 | D:3      | 1817 ||| PLANNING SEWER
  1830 | D:3      | Found a glowing silver altar of Zin.
  1834 | D:3      | 1834 ||| INVOKING Spit Poison.
  1840 | D:3      | 1840 ||| INVOKING Spit Poison.
  1843 | D:3      | Reached skill level 3 in Fighting
  1847 | D:3      | 1847 ||| INVOKING Spit Poison.
  1849 | D:3      | Reached XP level 5. HP: 36/49 MP: 5/5
  1851 | D:3      | 1851 ||| INVOKING Spit Poison.
  1863 | D:3      | 1863 ||| FLEEEEING.
  1867 | D:3      | 1867 ||| STAIRDANCE
  1929 | D:3      | 1929 ||| INVOKING Spit Poison.
  1969 | D:3      | Found an ornate altar of the Wu Jian Council.
  1977 | D:3      | 1977 ||| INVOKING Spit Poison.
  2053 | D:3      | 2053 ||| INVOKING Spit Poison.
  2062 | D:3      | Found a white marble altar of Elyvilon.
  2064 | D:3      | 2064 ||| INVOKING Spit Poison.
  2135 | D:3      | 2135 ||| INVOKING Spit Poison.
  2174 | D:3      | You fall into a shaft and drop 2 floors!
  2174 | D:5      | Entered Level 5 of the Dungeon
  2182 | D:4      | Found an ancient bone altar of Kikubaaqudgha.
  2220 | D:4      | Found Gozag's Platinum Reserve.
  2220 | D:4      | Found an opulent altar of Gozag.
  2229 | D:4      | 2229 ||| INVOKING Spit Poison.
  2232 | D:4      | 2232 ||| INVOKING Spit Poison.
  2256 | D:4      | Found a blossoming altar of Fedhas.
  2257 | D:4      | Noticed a phantom
  2263 | D:4      | Found a shadowy altar of Dithmenos.
  2271 | D:4      | 2271 ||| INVOKING Spit Poison.
  2272 | D:4      | Killed a phantom
  2273 | D:4      | Reached skill level 6 in Ranged Weapons
  2324 | D:4      | 2324 ||| INVOKING Spit Poison.
  2375 | D:4      | Reached XP level 6. HP: 56/56 MP: 6/6
  2382 | D:3      | 2382 ||| RIP SEWER
  2383 | D:3      | 2383 ||| PLANNING D:1-11
  2403 | D:3      | 2403 ||| INVOKING Spit Poison.
  2427 | D:3      | 2427 ||| INVOKING Spit Poison.
  2433 | D:3      | 2433 ||| INVOKING Spit Poison.
  2823 | D:4      | 2823 ||| SHOPLISTING +0 leather armour of Elyvilon's Pride
                  | {Int+2 Dex+3} (1950 gold, have 154).
  2823 | D:4      | 2823 ||| SHOPLISTING +1 leather armour of the Gate {Harm
                  | rN+++ Will+ Stlth+} (4340 gold, have 154).
  2856 | D:4      | 2856 ||| INVOKING Spit Poison.
  2917 | D:4      | Found a sacrificial altar of Ru.
  2918 | D:4      | Found a hide-covered altar of Uskayaw.
  2943 | D:4      | 2943 ||| INVOKING Spit Poison.
  2954 | D:4      | 2954 ||| INVOKING Spit Poison.
  2961 | D:4      | 2961 ||| INVOKING Spit Poison.
  2967 | D:4      | 2967 ||| INVOKING Spit Poison.
  2970 | D:4      | 2970 ||| INVOKING Spit Poison.
  2973 | D:4      | 2973 ||| INVOKING Spit Poison.
  3062 | D:4      | Noticed a steam dragon
  3063 | D:4      | 3063 ||| INVOKING Spit Poison.
  3064 | D:4      | 3064 ||| Stepping ~*~*~tactically~*~*~ (cloud).
  3068 | D:4      | 3068 ||| INVOKING Spit Poison.
  3072 | D:4      | 3072 ||| INVOKING Spit Poison.
  3072 | D:4      | HP: 10/57 [steam dragon (10)]
  3073 | D:4      | 3073 ||| DRINKING 2 potions of heal wounds.
  3075 | D:4      | 3075 ||| DRINKING potion of heal wounds.
  3076 | D:4      | 3076 ||| INVOKING Spit Poison.
  3078 | D:4      | Killed a steam dragon
  3273 | D:4      | HP: 12/60 [sleepcap (21)]
  3275 | D:4      | Reached XP level 7. HP: 14/66 MP: 7/7
  3543 | D:4      | Found a shimmering altar of Xom.
  3707 | D:4      | 3707 ||| UPGRADING to +0 steam dragon scales.
  3717 | D:4      | 3717 ||| DROPPING +0 leather armour.
  3718 | D:4      | 3718 ||| UPGRADING to +0 helmet.
  3723 | D:4      | 3723 ||| READING scroll labelled MIAZUNUCOQ.
  3727 | D:4      | 3727 ||| READING scroll labelled MANNISEJASM.
  3736 | D:5      | 3736 ||| INVOKING Spit Poison.
  3739 | D:5      | 3739 ||| INVOKING Spit Poison.
  3744 | D:5      | 3744 ||| INVOKING Spit Poison.
  3748 | D:5      | Identified the +6 sling of Faegob {antimagic, Drain Str+2
                  | Int+2}
  3756 | D:5      | 3756 ||| INVOKING Spit Poison.
  3759 | D:5      | Reached skill level 1 in Armour
  3761 | D:5      | 3761 ||| INVOKING Spit Poison.
  3768 | D:5      | 3768 ||| UPGRADING to +6 sling of Faegob {antimagic, Drain
                  | Str+2 Int+2}.
  3769 | D:5      | 3769 ||| DROPPING +1 shortbow.
  3788 | D:5      | 3788 ||| INVOKING Spit Poison.
  3789 | D:5      | 3789 ||| Stepping ~*~*~tactically~*~*~ (outnumbered).
  3793 | D:5      | 3793 ||| INVOKING Spit Poison.
  3796 | D:5      | 3796 ||| Stepping ~*~*~tactically~*~*~ (outnumbered).
  3797 | D:5      | 3797 ||| INVOKING Spit Poison.
  3800 | D:5      | 3800 ||| INVOKING Spit Poison.
  3806 | D:5      | 3806 ||| INVOKING Spit Poison.
  3809 | D:5      | 3809 ||| INVOKING Spit Poison.
  3816 | D:5      | 3816 ||| INVOKING Spit Poison.
  3819 | D:5      | 3819 ||| INVOKING Spit Poison.
  3820 | D:5      | HP: 16/66 [orc/+0 flail (8)]
  3944 | D:5      | 3944 ||| INVOKING Spit Poison.
  4084 | D:5      | 4084 ||| INVOKING Spit Poison.
  4089 | D:5      | 4089 ||| INVOKING Spit Poison.
  4090 | D:5      | Reached skill level 7 in Ranged Weapons
  4179 | D:5      | 4179 ||| INVOKING Spit Poison.
  4190 | D:5      | Reached XP level 8. HP: 73/73 MP: 2/8
  4323 | D:5      | Noticed a troll
  4324 | D:5      | 4324 ||| INVOKING Spit Poison.
  4326 | D:5      | 4326 ||| Stepping ~*~*~tactically~*~*~ (outnumbered).
  4331 | D:5      | 4331 ||| INVOKING Spit Poison.
  4335 | D:5      | 4335 ||| INVOKING Spit Poison.
  4335 | D:5      | HP: 11/73 [white imp/puff of frost (12)]
  4336 | D:5      | HP: 5/73 [white imp (1)]
  4336 | D:5      | Slain by a white imp

Levels and vault maps discovered:
D:1:      dpeg_arrival_three_same_balls, layout_loops_ring, serial_forest,
          infiniplex_forest_corner_1, infiniplex_forest_side_room,
          infiniplex_forest_lined_room_2, infiniplex_forest_lined_room_2,
          infiniplex_forest_split, infiniplex_forest_clump_cross,
          infiniplex_forest_end_1, minmay_quantized
D:2:      layout_loops_ring, serial_aquarium, aquarium_bridge_square
          [aquarium_subvault_bridge, aquarium_subvault_window,
          aquarium_subvault_bridge, aquarium_subvault_bridge],
          aquarium_window_2, aquarium_window_fake, aquarium_window_2,
          aquarium_view_2d, aquarium_view_2a, aquarium_balcony_3a,
          aquarium_pool_side
D:3:      layout_basic, nicolae_wu_jian_wuxing_cycle,
          mainiacjoe_overflow_24_doors, mainiacjoe_overflow_cross_hatched,
          portal_sewer_entry_b
D:4:      layout_loops_ring, lemuel_doored_altar,
          nicolae_gozag_zags_fifth_avenue, overflow_temple_1_default,
          mainiacjoe_overflow_divided_tiny, grunt_temple_overflow_open
D:5:      layout_cave_pools

Skill      XL: |  1  2  3  4  5  6  7 |
---------------+----------------------+-----
Ranged Weapons | 4 5 6 7 |  7.4
Fighting       | 3 4 |  4.8
Armour         | 1 |  1.3
Dodging        | 2 |  2.0
Stealth        | |  1.5

Action                     |  1- 3 |  4- 6 |  7- 9 || total
---------------------------+-------+-------+-------++-------
   Fire: Shortbow          |    53 |   113 |    18 ||   184
         Sling             |       |       |    62 ||    62
Ability: Spit Poison       |    23 |    29 |    20 ||    72
    Use: Scroll            |     5 |     1 |     2 ||     8
         Potion            |     1 |     2 |       ||     3
 Armour: Leather armour    |    16 |    17 |       ||    33
         Steam dragon scal |       |       |    27 ||    27
  Dodge: Dodged            |    24 |    41 |    45 ||   110

Table legend:
 A = Non-vault XP
 B = Vault XP
 C = Vault XP percentage of total XP
 D = Non-vault monster count
 E = Vault monster count
 F = Vault count percentage of total count
                 A         B        C        D         E       F
            +---------+---------+-------+---------+---------+-------
      Total |    1199 |      21 |   1.7 |      82 |       7 |   7.9
            +---------+---------+-------+---------+---------+-------
        D:1 |      32 |       6 |  15.8 |      18 |       4 |  18.2
        D:2 |      61 |       0 |   0.0 |      13 |       0 |   0.0
        D:3 |     100 |      15 |  13.0 |      14 |       3 |  17.6
        D:4 |     414 |       0 |   0.0 |      18 |       0 |   0.0
        D:5 |     592 |       0 |   0.0 |      19 |       0 |   0.0
            +---------+---------+-------+---------+---------+-------
